 Dungeon Crawl Stone Soup version 0.26.1-11-gd32895ea62 (webtiles) character file.

Game seed: 8169333984189775783

77 seveneves the Poker (level 4, -2/34 HPs)
             Began as a Merfolk Gladiator on July 18, 2021.
             Killed by divine providence
             ... invoked by an orc priest
              (13 damage)
             ... on level 3 of the Dungeon.
             The game lasted 00:09:40 (1639 turns).

seveneves the Poker (Merfolk Gladiator)             Turns: 1639, Time: 00:09:41

Health: -2/34      AC:  8    Str: 14    XL:     4   Next: 33%
Magic:  4/4        EV: 12    Int:  8    God:
Gold:   79         SH:  3    Dex: 15    Spells: 3/3 levels left

rFire    . . .     SeeInvis .   a - +0 trident
rCold    . . .     Faith    .   g - +0 buckler
rNeg     . . .     Spirit   .   k - +0 ring mail
rPois    .         Reflect  .   f - +2 helmet
rElec    .         Harm     .   (no cloak)
rCorr    .         Rampage  .   (no gloves)
Will     .....                  (no boots)
Stlth    +.........             (no amulet)
HPRegen  0.11/turn              (no ring)
MPRegen  0.09/turn              (no ring)

@: no status effects
A: change form in water, swift swim, stealthy swim
a: no special abilities


You were on level 3 of the Dungeon.
You visited 1 branch of the dungeon, and saw 3 of its levels.

You collected 79 gold pieces.

Inventory:

Hand Weapons
 a - a +0 trident (weapon)
 n - a +4 vampiric whip
Missiles
 d - a throwing net (quivered)
Armour
 b - a +0 helmet
 f - a +2 helmet (worn)
 g - a +0 buckler (worn)
 k - a +0 ring mail (worn)
 o - a +0 tower shield
Scrolls
 c - a scroll of enchant weapon {unknown}
 h - a scroll of immolation {unknown}
 p - a scroll of magic mapping {unknown}
Potions
 e - a potion of haste {unknown}
 i - a potion of curing
 l - a potion of invisibility {unknown}
 m - 2 potions of lignification {unknown}


   Skills:
 + Level 2.8 Fighting
 + Level 5.7 Polearms
 + Level 2.1 Throwing
 + Level 0.7 Armour
 + Level 4.7 Dodging
 + Level 0.2 Shields


You had 3 spell levels left.
You didn't know any spells.
Your spell library was empty.

Dungeon Overview and Level Annotations

Branches:
Dungeon (3/15)

Altars:
Elyvilon
Kikubaaqudgha
Wu Jian
Xom

Annotations:
D:2 Natasha


Message History

The orc hits you with a cursed +0 hand axe.
You see here a whip.
You closely miss the orc. You block the orc's attack.
The orc hits you with a +0 short sword.
You closely miss the orc. The orc closely misses you. x2
You closely miss the orc. The orc closely misses you.
The orc hits you but does no damage.
You barely miss the orc. The orc closely misses you. The orc barely misses you.
You hit the orc.
The orc is almost dead.
The orc priest seems to regain its courage.
You block the orc's attack.
The orc hits you with a cursed +0 hand axe.
You hit the orc.
You kill the orc!
You puncture the orc!
You kill the orc!
The orc priest mumbles some strange prayers to Beogh against you.
Beogh smites you!
You die...

#.# ..# #######.#
........#
........##
.........#
.........## #.#
.....o.oo)# #.#
.....o..#@# #.##
........#.# #..#
#######.#.# #..
... ..#.# #.# #.#
###.# ###.## #.#
#.# .....# #.# #†#
###..# #.#####[#
.##..#####...)...#


You could see an orc priest and 2 orcs.

Vanquished Creatures
  Natasha (D:2)
  A worm (D:3)
  3 dart slugs
  2 orcs (D:3)
  5 bats
  4 giant cockroaches
  4 goblins
  5 hobgoblins
  5 kobolds
  2 ball pythons
  5 frilled lizards
  5 rats
42 creatures vanquished.

Vanquished Creatures (others)
  A hobgoblin (D:3)
  A goblin (D:3)
  A plant (D:1)
3 creatures vanquished.

Grand Total: 45 creatures vanquished

Notes
Turn   | Place    | Note
-------+----------+-------------------------------------------
     0 | D:1      | seveneves the Merfolk Gladiator began the quest for the
                  | Orb.
     0 | D:1      | Reached XP level 1. HP: 16/16 MP: 1/1
   138 | D:1      | Reached XP level 2. HP: 22/22 MP: 2/2
   704 | D:2      | Reached skill level 5 in Polearms
   834 | D:2      | Reached XP level 3. HP: 25/28 MP: 3/3
   834 | D:2      | Noticed Natasha
   840 | D:2      | Killed Natasha
   977 | D:2      | Reached XP level 4. HP: 34/34 MP: 4/4
   995 | D:2      | Noticed Natasha
  1037 | D:2      | Found an ornate altar of the Wu Jian Council.
  1037 | D:2      | Found an ancient bone altar of Kikubaaqudgha.
  1041 | D:2      | Found a shimmering altar of Xom.
  1384 | D:3      | Found a white marble altar of Elyvilon.
  1639 | D:3      | Killed from afar by an orc priest

Illustrated notes

Levels and vault maps discovered:
D:1:      tarquinn_simple_flora_water_c, layout_loops_ring,
          wad_floor_pattern_untrapped
D:2:      layout_rooms, nicolae_overflow_hidden_temple, uniq_natasha
D:3:      cheibrodos_pilgrimage, layout_loops_ring, elyvilon_altar_4

Skill      XL: |  1  2 |
---------------+-------+-----
Polearms       | 5 |  5.7
Fighting       | |  2.8
Throwing       | |  2.1
Armour         | |  0.7
Dodging        | |  4.7
Shields        | |  0.2

Action                   |  1- 3 |  4- 6 || total
-------------------------+-------+-------++-------
Melee: Trident           |   108 |    58 ||   166
Throw: Throwing net      |     2 |       ||     2
  Use: Scroll            |     3 |     2 ||     5
       Potion            |     3 |       ||     3
Armor: Leather armour    |    11 |       ||    11
       Ring mail         |    34 |    31 ||    65
Dodge: Dodged            |    73 |    39 ||   112
Block: Buckler           |    19 |    11 ||    30
